 Dungeon Crawl Stone Soup version 0.26-a0-180-ge96aa7da28 (webtiles) character file.

Game seed: 7774385577208948868

21723 tilp the Unseen (level 12, -4/61 HPs)
             Began as a Spriggan Enchanter on July 1, 2020.
             Was an Initiate of Ru.
             Slain by a seven-headed hydra (9 damage)
             ... on level 5 of the Lair of Beasts on July 3, 2020.
             The game lasted 00:41:13 (17891 turns).

tilp the Unseen (Spriggan Enchanter)               Turns: 17891, Time: 00:41:13

Health: -4/61      AC:  9    Str:  4    XL:     12   Next: 56%
Magic:  15/22      EV: 33    Int: 19    God:    Ru [......]
Gold:   671        SH:  8    Dex: 25    Spells: 15/27 levels left

rFire    + . .     SeeInvis +   a - +1 dagger (venom)
rCold    . . .     Faith    .   n - +0 buckler
rNeg     . . .     Spirit   .   D - +2 robe {rF+}
rPois    .         Reflect  .   o - +2 hat
rElec    .         Harm     .   t - +2 cloak
rCorr    .                      (gloves unavailable)
MR       ++...                  (boots unavailable)
Stlth    ++++++++..             y - amulet of regeneration
HPRegen  0.60/turn              z - ring of stealth
MPRegen  0.18/turn              G - +6 ring of dexterity

@: very quick
A: very small, unfitting armour, see invisible, herbivore, speed 3, low mp 1,
slow metabolism 2
a: Sacrifice Courage, Sacrifice Durability, Sacrifice Love, Reject Sacrifices,
Renounce Religion


You were on level 5 of the Lair of Beasts.
You worshipped Ru.
Ru was noncommittal.
You were very hungry.

You visited 3 branches of the dungeon, and saw 17 of its levels.
You also visited: Gauntlet.

You collected 737 gold pieces.
You spent 66 gold pieces at shops.

Inventory:

Hand Weapons
 a - a +1 dagger of venom (weapon)
 b - a +4 short sword of freezing
 A - a +4 dagger
Missiles
 f - 56 poisoned darts (quivered)
 x - 5 throwing nets {!f}
 L - 2 atropa-tipped darts
 Q - 6 silver boomerangs
Armour
 n - a +0 buckler (worn)
 o - a +2 hat (worn)
 t - a +2 cloak (worn)
 D - a +2 robe of fire resistance (worn)
Jewellery
 y - an amulet of regeneration (around neck)
 z - a ring of stealth (left hand)
 G - a +6 ring of dexterity (right hand)
 J - the ring of Spite {+Fly MR++ Dex-4 SInv Stlth+, unknown}
   (You found it in a Gauntlet)

   [ring of stealth]

   It affects your dexterity (-4).
   It affects your resistance to hostile enchantments.
   It lets you see invisible.
   It lets you fly.
   It makes you more stealthy.
Wands
 e - a wand of iceblast (8)
 s - a wand of random effects (38)
 H - a wand of digging (8)
 M - a wand of acid (16)
 P - a wand of paralysis (7)
Scrolls
 d - 10 scrolls of remove curse
 i - a scroll of blinking
 l - 2 scrolls of enchant weapon
 p - 2 scrolls of immolation
 u - 4 scrolls of teleportation
 E - a scroll of fog
 I - 2 scrolls of fear
 O - a scroll of amnesia
 R - a scroll of holy word {unknown}
Potions
 g - 4 potions of haste
 h - 2 potions of lignification
 j - a potion of magic
 k - 3 potions of heal wounds
 m - a potion of cancellation
 q - 2 potions of mutation
 r - a potion of brilliance
 v - 7 potions of curing
 w - 2 potions of resistance
 B - 2 potions of stabbing
 F - a potion of berserk rage
 K - a potion of flight
 S - a potion of ambrosia {unknown}
Miscellaneous
 N - a tin of tremorstones (3/3)
Comestibles
 c - 19 rations


   Skills:
 - Level 6.0 Fighting
 - Level 10.0 Short Blades
 + Level 13.7 Dodging
 - Level 15.0 Stealth
 - Level 4.0 Shields
 - Level 8.0 Spellcasting
 - Level 10.0 Hexes


You had 15 spell levels left.
You knew the following spells:

 Your Spells              Type           Power        Failure   Level  Hunger
a - Corona                Hex            #####..      1%          1    None
b - Ensorcelled Hibernat  Hex/Ice        ####..       2%          2    None
c - Confusing Touch       Hex            #####...     1%          3    None
d - Tukima's Dance        Hex            #####...     1%          3    None
e - Dazzling Flash        Conj/Hex       ####..       4%          3    None

Your spell library contained the following spells:

 Spells                   Type           Power        Failure   Level  Hunger
 Slow                     Hex            #####...     1%          2    None
 Cause Fear               Hex            #####.....   1%          4    ###....
 Inner Flame              Hex/Fire       ####....     4%          3    None
 Portal Projectile        Hex/Tloc       ####..       4%          3    None
 Sandblast                Erth           #.....       11%         1    None
 Leda's Liquefaction      Hex/Erth       ####......   14%         4    ###....
 Passwall                 Tmut/Erth      #.......     17%         2    None
 Gell's Gravitas          Tloc           #.........   32%         3    None
 Stone Arrow              Conj/Erth      #.....       32%         3    None
 Metabolic Englaciation   Hex/Ice        ####......   36%         5    #####..
 Yara's Violent Unravell  Hex/Tmut       ####......   36%         5    #####..
 Petrify                  Tmut/Erth      #.......     73%         4    ###....
 Bolt of Magma            Conj/Fire/Erth #.........   97%         5    #####..
 Iskenderun's Battlesphe  Conj/Chrm      #.......     97%         5    #####..
 Lee's Rapid Deconstruct  Erth           #.........   97%         5    #####..
 Iron Shot                Conj/Erth      #.........   100%        6    ######.
 Orb of Destruction       Conj           #.........   100%        7    #######
 Spellforged Servitor     Conj/Summ      #.........   100%        7    #######


Dungeon Overview and Level Annotations

Branches:
Dungeon (11/15)            Temple (1/1) D:6            Lair (6/6) D:9
  Slime (0/5) Lair:6          Orc (0/2) D:11        Gauntlet (visited)
  Swamp: Lair:2-4    Shoals: Lair:2-4     Snake: Lair:2-4    Spider: Lair:2-4

Altars:
Ashenzari
Cheibriados
Dithmenos
Elyvilon
Fedhas
Gozag
Hepliaklqana
Kikubaaqudgha
Makhleb
Nemelex Xobeh
Okawaru
Qazlal
Ru
Sif Muna
Trog
Uskayaw
Vehumet
Wu Jian
Xom
Yredelemnul
Zin
The Shining One
Beogh

Shops:
D:8 }   D:9 *

Annotations:
D:6 exclusion: statue, Sigmund
D:9 2 transporters


Innate Abilities, Weirdness & Mutations

You are very small and have problems with some larger weapons.
You are too small for most types of armour.
You have supernaturally acute eyesight. (SInv)
You are a herbivore.
You cover ground extremely quickly.
Your magical capacity is low. (-10% MP)
You need to consume almost no food.


Message History

The seven-headed hydra is severely wounded.
You hear a croak.
The wolf completely misses you. x2
The seven-headed hydra completely misses you.
The seven-headed hydra misses you. The seven-headed hydra bites you!
* * * LOW HITPOINT WARNING * * *
The seven-headed hydra completely misses you. x4
You hit the seven-headed hydra.
The seven-headed hydra is severely wounded.
The wolf closely misses you. You block the wolf's attack.
Unknown command.
You hit the seven-headed hydra.
The seven-headed hydra is severely wounded.
The wolf bites you!
* * * LOW HITPOINT WARNING * * *
You block the wolf's attack.
You block the seven-headed hydra's attack.
The seven-headed hydra completely misses you.
The seven-headed hydra bites you!
You die...

.. .....
..# ...
#... ...
... ...
..##.###
#..8..#
#..#...h.#
#..8.@..+
#.#.h.D.#
#..#.8..#
#. #.##..#
.. .. ..#
.. ... ...
. ... ...
.... ....


You could see a seven-headed hydra (blind, very poisoned) and 2 wolves.

Vanquished Creatures
  A minotaur (Gauntlet)
  Harold (D:8)
  2 hydras (Lair:1)
  A two-headed ogre (D:11)
  Urug (D:11)
  2 unseen horrors (D:11)
  Pikel (D:8)
  2 manticores
  Maurice (D:11)
  3 cane toads
  A smoke demon (Gauntlet)
  A red devil (Gauntlet)
  3 trolls
  Prince Ribbit (D:6)
  4 blink frogs (Lair:2)
  2 hippogriffs
  A redback (Gauntlet)
  A spriggan (D:7)
  6 shadows (Gauntlet)
  A vampire (D:10)
  16 yaks
  A hungry ghost (D:8)
  Grum (D:8)
  2 basilisks (Lair:2)
  A steam dragon (D:9)
  Menkaure (D:6)
  An acid dragon (D:11)
  5 porcupines
  A removed slave (D:8)
  2 ice beasts
  5 orc warriors
  A necrophage (D:11)
  4 sky beasts
  2 phantoms (D:5)
  6 ogres
  9 wolves
  5 centaurs
  2 crocodiles
  A big kobold (D:9)
  14 bullfrogs
  4 scorpions
  A hornet simulacrum (Gauntlet)
  13 wights
  6 howler monkeys
  2 crimson imps (Gauntlet)
  2 jellies
  2 quasits
  4 orc priests
  3 hounds
  Crazy Yiuf (D:3)
  7 iguanas
  4 centaur skeletons
  10 orc wizards
  8 worker ants
  2 centaur simulacra (Gauntlet)
  A hound zombie (D:11)
  A hound skeleton (D:4)
  11 gnolls
  9 adders
  3 shadow imps (D:6)
  3 white imps
  4 ufetubi
  4 adder zombies
  2 adder skeletons
  2 worms
  A dart slug (D:4)
  4 leopard geckos
  47 orcs
  8 giant cockroaches
  6 goblins
  9 hobgoblins
  11 jackals
  5 quokkas
  A ball python (D:5)
  6 bats
  3 frilled lizards
  A giant cockroach zombie (D:5)
  9 kobolds
  A leopard gecko skeleton (D:6)
  A leopard gecko zombie (D:5)
  4 rats
342 creatures vanquished.

Vanquished Creatures (others)
  2 removed slaves (D:8)
  A scorpion (D:8)
  A worker ant (D:8)
  An orc (D:6)
  33 fungi
  3 plants (D:9)
41 creatures vanquished.

Grand Total: 383 creatures vanquished

Notes
Turn   | Place    | Note
-------+----------+-------------------------------------------
     0 | D:1      | tilp the Spriggan Enchanter began the quest for the Orb.
     0 | D:1      | Reached XP level 1. HP: 9/9 MP: 5/5
   760 | D:1      | Reached XP level 2. HP: 13/13 MP: 7/7
   764 | D:1      | Learned a level 2 spell: Ensorcelled Hibernation
  1036 | D:1      | Reached skill level 5 in Stealth
  1742 | D:2      | Found a hazy altar of Hepliaklqana.
  1750 | D:2      | Reached XP level 3. HP: 16/16 MP: 3/8
  2228 | D:2      | Found an iron altar of Okawaru.
  2228 | D:2      | Found a snail-covered altar of Cheibriados.
  2862 | D:3      | Reached XP level 4. HP: 21/21 MP: 7/10
  2929 | D:3      | Learned a level 3 spell: Confusing Touch
  2933 | D:3      | Learned a level 3 spell: Tukima's Dance
  3026 | D:3      | Upgraded the game from 0.26-a0-154-g3d63440f56 to
                  | 0.26-a0-158-g66bac3cce0
  3407 | D:3      | Noticed a sky beast
  3412 | D:3      | Killed a sky beast
  3412 | D:3      | Reached skill level 6 in Stealth
  3412 | D:3      | Reached skill level 1 in Shields
  3412 | D:3      | Reached XP level 5. HP: 24/24 MP: 10/12
  4952 | D:3      | Found a runed translucent door.
  4953 | D:3      | Noticed Crazy Yiuf
  4960 | D:3      | Killed Crazy Yiuf
  5140 | D:4      | Reached XP level 6. HP: 28/28 MP: 13/13
  5819 | D:4      | Learned a level 3 spell: Dazzling Flash
  5963 | D:4      | Reached skill level 7 in Stealth
  5963 | D:4      | Reached skill level 5 in Spellcasting
  5963 | D:4      | Reached XP level 7. HP: 32/32 MP: 4/15
  6760 | D:5      | Entered Level 5 of the Dungeon
  7147 | D:5      | Reached skill level 8 in Stealth
  7162 | D:5      | Reached XP level 8. HP: 26/36 MP: 13/17
  7301 | D:5      | Found a shimmering altar of Xom.
  7538 | D:5      | Reached skill level 5 in Short Blades
  7931 | D:6      | Reached skill level 1 in Fighting
  8209 | D:6      | Reached skill level 5 in Dodging
  8364 | D:6      | Found a shattered altar of Ashenzari.
  8419 | D:6      | Noticed Menkaure
  8423 | D:6      | Killed Menkaure
  8496 | D:6      | Found a hide-covered altar of Uskayaw.
  8625 | D:6      | Noticed Prince Ribbit
  8632 | D:6      | Killed Prince Ribbit
  8730 | D:6      | Found a radiant altar of Vehumet.
  8730 | D:6      | Noticed Sigmund
  8737 | D:6      | Found a stormy altar of Qazlal.
  8741 | D:6      | Noticed an air elemental
  8774 | D:6      | Reached XP level 9. HP: 44/44 MP: 19/19
  8777 | D:6      | Found a staircase to the Ecumenical Temple.
  8793 | Temple   | Entered the Ecumenical Temple
  8835 | Temple   | Became a worshipper of Ru the Awakened
  8995 | D:6      | Found an ornate altar of the Wu Jian Council.
  9062 | D:7      | Reached skill level 5 in Hexes
  9696 | D:7      | Reached skill level 9 in Stealth
 10301 | D:8      | Noticed Harold
 10376 | D:8      | Killed Harold
 10376 | D:8      | Reached skill level 10 in Stealth
 10376 | D:8      | Reached XP level 10. HP: 39/49 MP: 10/20
 10494 | D:8      | Noticed a manticore
 10495 | D:8      | Noticed Pikel
 10535 | D:8      | Killed a manticore
 10535 | D:8      | Reached skill level 11 in Stealth
 10538 | D:8      | Killed Pikel
 10673 | D:8      | Found Adempuz's Gadget Shop.
 10676 | D:8      | Noticed Grum
 10706 | D:8      | Reached skill level 12 in Stealth
 10756 | D:8      | Killed Grum
 11056 | D:8      | Found a shadowy altar of Dithmenos.
 11353 | D:9      | Found Nyalegi's General Store.
 11411 | D:9      | Bought a scroll of identify for 24 gold pieces
 11411 | D:9      | Bought a scroll of magic mapping for 42 gold pieces
 11431 | D:9      | Found a white marble altar of Elyvilon.
 11847 | D:9      | Found a staircase to the Lair.
 11874 | D:9      | Found a transporter.
 12165 | D:9      | Found a transporter.
 12481 | D:9      | Found an ancient bone altar of Kikubaaqudgha.
 12485 | D:9      | Noticed a flayed ghost
 12491 | D:9      | Found a basalt altar of Yredelemnul.
 12663 | D:9      | Gained mutation: Your magical capacity is low. (-10% MP)
                  | [Ru sacrifice]
 12666 | D:10     | Entered Level 10 of the Dungeon
 12951 | D:10     | Reached XP level 11. HP: 52/53 MP: 16/20
 13573 | D:11     | Noticed a two-headed ogre
 13576 | D:11     | Killed a two-headed ogre
 13695 | D:11     | Reached skill level 13 in Stealth
 13809 | D:11     | Noticed Maurice
 13816 | D:11     | Killed Maurice
 13838 | D:11     | Noticed Urug
 13862 | D:11     | Killed Urug
 14199 | D:11     | Noticed an unseen horror
 14206 | D:11     | Killed an unseen horror
 14206 | D:11     | Reached skill level 10 in Dodging
 14226 | D:11     | Noticed an unseen horror
 14234 | D:11     | Killed an unseen horror
 14522 | D:11     | Found a staircase to the Orcish Mines.
 14689 | D:11     | Found a roughly hewn altar of Beogh.
 15280 | Lair:1   | Entered Level 1 of the Lair of Beasts
 15335 | Lair:1   | Noticed a four-headed hydra
 15342 | Lair:1   | Killed a four-headed hydra
 15342 | Lair:1   | Reached skill level 5 in Fighting
 15387 | Lair:1   | Found a gate leading to a gauntlet.
 15387 | Lair:1   | Noticed a six-headed hydra
 15437 | Lair:1   | Killed a six-headed hydra
 15437 | Lair:1   | Reached skill level 14 in Stealth
 15437 | Lair:1   | Reached skill level 10 in Hexes
 15449 | Gauntlet | Entered a Gauntlet
 15449 | Gauntlet | Found a transporter.
 15449 | Gauntlet | Found a runed translucent door.
 15625 | Gauntlet | Found a runed translucent door.
 15626 | Gauntlet | Upgraded the game from 0.26-a0-158-g66bac3cce0 to
                  | 0.26-a0-180-ge96aa7da28
 15629 | Gauntlet | Found a transporter.
 15633 | Gauntlet | Found a transporter.
 15638 | Gauntlet | Found a transporter.
 15647 | Gauntlet | Found a transporter.
 15648 | Gauntlet | Found a transporter.
 15653 | Gauntlet | Found a transporter.
 15663 | Gauntlet | Found a transporter.
 15664 | Gauntlet | Found a transporter.
 15669 | Gauntlet | Found a transporter.
 15675 | Gauntlet | Found a transporter.
 15679 | Gauntlet | Found a transporter.
 15684 | Gauntlet | Found a transporter.
 15689 | Gauntlet | Found a transporter.
 15800 | Gauntlet | Reached XP level 12. HP: 60/60 MP: 11/22
 15976 | Gauntlet | Reached skill level 10 in Short Blades
 16031 | Gauntlet | Got a wavering amber ring
 16055 | Gauntlet | Noticed a minotaur
 16059 | Gauntlet | Killed a minotaur
 16925 | Lair:2   | Reached skill level 15 in Stealth
 17865 | Lair:3   | You fall into a shaft and drop 3 floors!
 17865 | Lair:6   | Entered Level 6 of the Lair of Beasts
 17865 | Lair:6   | Noticed a death yak
 17866 | Lair:6   | Noticed a death yak
 17870 | Lair:6   | Noticed a seven-headed hydra
 17891 | Lair:5   | Slain by a seven-headed hydra

Illustrated notes

Levels and vault maps discovered:
D:1:      lemuel_arrival_tunnels, layout_basic
D:2:      layout_loops_ring, gammafunk_temple_overflow_statue,
          old_standard_altar
D:3:      layout_loops_corners, minivault_25, grunt_decor_one_mirror,
          uniq_crazy_yiuf_cottage
D:4:      layout_loops_ring, first_ration
D:5:      layout_basic, xom_butterflies
D:6:      layout_loops_cross, marbit_many_paths,
          nicolae_qazlal_style_of_elements, lemuel_doored_altar,
          nicolae_ashenzari_panopticon, vehumet_statue,
          minmay_temple_entry_nine_rooms, uniq_prince_ribbit1, uniq_sigmund,
          uniq_menkaure
D:7:      layout_rooms, minmay_holes, the_bakery, minmay_misc_feat_iff
D:8:      layout_loops_cross, nicolae_dithmenos_through_a_glass_darkly,
          serial_shops, shop, uniq_grum, uniq_harold, uniq_pikel
D:9:      layout_loops_cross, gammafunk_temple_of_torment, elyvilon_altar_5,
          due_lair_maze_entry_diamond, serial_shops,
          nicolae_shop_competitors_out_of_business
D:10:     layout_cave_pods
D:11:     layout_loops_corners, minmay_orc_entry_temple_small, uniq_urug,
          uniq_maurice
Temple:   jpeg_temple_island
Lair:1:   layout_cave_shapes, gauntlet_entry_generic
Lair:2:   layout_chaotic_city
Lair:3:   layout_chaotic_city, ice2_lemuel
Lair:5:   layout_regular_city, serial_bayou_shore_b, grunt_megastairs_3,
          infiniplex_staircase_pool_2
Lair:6:   due_jungle_book, layout_regular_city,
          minmay_slime_entry_oklob_enclosed, enter_volcano_1, st_stairs_12

Skill      XL: |  1  2  3  4  5  6  7  8  9 10 11 12 |
---------------+-------------------------------------+-----
Spellcasting   | 3 4 5 6 7 8 |  8.0
Stealth        | 5 6 7 8 10 12 14 15 | 15.0
Short Blades   | 2 3 4 5 7 8 9 10 | 10.0
Shields        | 1 2 4 |  4.0
Fighting       | 3 5 6 |  6.0
Dodging        | 8 9 10 13 | 13.7
Hexes          | 4 8 10 | 10.0

Action                   |  1- 3 |  4- 6 |  7- 9 | 10-12 || total
-------------------------+-------+-------+-------+-------++-------
Melee: Dagger            |   104 |   152 |   388 |   586 ||  1230
Throw: Dart              |       |       |     3 |       ||     3
 Cast: Corona            |    12 |     1 |       |       ||    13
       Ensorcelled Hiber |    15 |    67 |    55 |   137 ||   274
       Confusing Touch   |       |     4 |    12 |    21 ||    37
       Dazzling Flash    |       |       |       |     6 ||     6
Invok: Sacrifice Essence |       |       |       |     1 ||     1
  Use: Scroll            |     1 |     6 |     3 |    20 ||    30
       Potion            |       |       |       |     2 ||     2
 Stab: Sleeping          |    17 |    38 |    33 |    97 ||   185
       Confused          |       |     3 |    18 |    22 ||    43
       Distracted        |       |       |     2 |     4 ||     6
       Invisible         |       |       |       |    10 ||    10
  Eat: Ration            |       |     3 |     2 |     4 ||     9
Armor: Robe              |    11 |    28 |    46 |    23 ||   108
Dodge: Dodged            |    79 |   136 |   299 |   300 ||   814
Block: Buckler           |       |       |    95 |   140 ||   235

Table legend:
 A = Non-vault XP
 B = Vault XP
 C = Vault XP percentage of total XP
 D = Non-vault monster count
 E = Vault monster count
 F = Vault count percentage of total count
                 A         B        C        D         E       F
            +---------+---------+-------+---------+---------+-------
      Total |   21750 |    9283 |  29.9 |     301 |      41 |  12.0
            +---------+---------+-------+---------+---------+-------
        D:1 |      25 |       0 |   0.0 |      15 |       0 |   0.0
        D:2 |      45 |       0 |   0.0 |      11 |       0 |   0.0
        D:3 |     270 |      39 |  12.6 |      33 |       1 |   2.9
        D:4 |     515 |       0 |   0.0 |      29 |       0 |   0.0
        D:5 |     673 |       0 |   0.0 |      24 |       0 |   0.0
        D:6 |    1147 |     440 |  27.7 |      27 |       2 |   6.9
        D:7 |    1268 |     220 |  14.8 |      19 |       1 |   5.0
        D:8 |    1216 |    2198 |  64.4 |      22 |       6 |  21.4
        D:9 |    2095 |     793 |  27.5 |      35 |       7 |  16.7
       D:10 |    1255 |       0 |   0.0 |      20 |       0 |   0.0
       D:11 |    4744 |    1677 |  26.1 |      27 |       9 |  25.0
     Lair:1 |    2910 |       0 |   0.0 |      10 |       0 |   0.0
     Lair:2 |    5116 |       0 |   0.0 |      25 |       0 |   0.0
     Lair:3 |     237 |       0 |   0.0 |       2 |       0 |   0.0
     Lair:5 |     234 |       0 |   0.0 |       2 |       0 |   0.0
   Gauntlet |       0 |    3916 | 100.0 |       0 |      15 | 100.0
            +---------+---------+-------+---------+---------+-------
